 Dungeon Crawl Stone Soup version 0.30-a0-263-ge22c4ad894 (webtiles) character file.

Game seed: 12391672788349156905

32 IdlyInterested the Sneak (level 3, 0/27 HPs)
             Began as a Demonspawn Wanderer on Oct 13, 2022.
             Slain by an iguana (2 damage)
             ... on level 2 of the Dungeon.
             The game lasted 00:04:44 (773 turns).

IdlyInterested the Sneak (Demonspawn Wanderer)       Turns: 773, Time: 00:04:44

Health: 0/27       AC:  3    Str:  9    XL:     3   Next: 10%
Magic:  6/6        EV: 10    Int: 16    God:
Gold:   32         SH:  0    Dex: 16    Spells: 5/6 levels left

rFire   . . .      SeeInvis .    h - +1 whip (venom)
rCold   . . .      Faith    .    (no shield)
rNeg    . . .      Spirit   .    q - +0 leather armour
rPois   .          Reflect  .    (helmet restricted)
rElec   .          Harm     .    (no cloak)
rCorr   .          Rampage  .    (no gloves)
Will    .....                    (no boots)
Stlth   ++........               (no amulet)
HPRegen 0.24/turn                (no ring)
MPRegen 0.10/turn                (no ring)

@: no status effects
A: antennae 1, big brain 1
a: no special abilities


You were on level 2 of the Dungeon.
You visited 1 branch of the dungeon, and saw 2 of its levels.

You collected 32 gold pieces.

Inventory:

Hand Weapons
 a - a +0 spear
 h - a +1 whip of venom (weapon)
 m - a +0 short sword of speed
Missiles
 i - 3 javelins
 n - 10 stones (quivered)
 p - 6 boomerangs
Armour
 d - a +0 robe
 q - a +0 leather armour (worn)
Wands
 b - a wand of polymorph (6)
Scrolls
 e - a scroll of vulnerability {unknown}
 g - a scroll of brand weapon {unknown}
 j - a scroll of teleportation {unknown}
 k - a scroll of poison {unknown}
 o - a scroll of blinking {unknown}
Potions
 c - a potion of heal wounds
 f - a potion of curing {unknown}
 l - a potion of degeneration {unknown}


   Skills:
 * Level 1.9 Fighting
 - Level 1.0 Polearms
 - Level 1.0 Throwing
 * Level 2.2 Stealth
 - Level 2.0 Spellcasting
 - Level 1.7 Transmutations
 - Level 1.2 Invocations
 - Level 2.0 Evocations


You had 5 spell levels left.
You knew the following spells:

 Your Spells              Type           Power      Damage    Failure   Level
a - Beastly Appendage     Tmut           14%        N/A       14%         1

Your spell library contained the following spells:

 Spells                   Type           Power      Damage    Failure   Level
 Spider Form              Tmut/Pois      4%         N/A       52%         3
 Ignite Poison            Fire/Tmut/Pois 3%         N/A       56%         3


Dungeon Overview and Level Annotations

Branches:
Dungeon (2/15)

Altars:


Innate Abilities, Weirdness & Mutations

You have a pair of small antennae on your head.
You have an unusually large brain. (Int +2)


Message History

You hit the kobold.
You kill the kobold!
Things that are here:
a +0 dagger; a kobold corpse
There is a stone staircase leading up here.
You climb upwards.
There is a stone staircase leading down here.
There is a stone staircase leading down here.
You climb downwards.
There is a stone staircase leading up here.
You climb upwards.
There is a stone staircase leading down here.
There is a stone staircase leading down here.
You climb downwards.
Found an arbalest.
There is a stone staircase leading up here.
You climb upwards.
There is a stone staircase leading down here.
There is an escape hatch in the floor here.
You slide downwards.
The hatch slams shut behind you.
The frilled lizard hisses angrily.
The ball python hisses angrily.
Found Maxwell's Memoranda.
You hit the ball python.
You kill the ball python!
The frilled lizard closely misses you.
The frilled lizard attacks as you move away!
The frilled lizard bites you but does no damage.
The frilled lizard closely misses you.
You hit the iguana.
The iguana is poisoned.
The iguana is moderately wounded.
The iguana bites you! The frilled lizard bites you.
You barely miss the iguana.
The iguana is moderately wounded.
The frilled lizard bites you but does no damage.
The iguana bites you!
* * * LOW HITPOINT WARNING * * *
You barely miss the iguana.
The iguana is heavily wounded.
The iguana bites you.
You die...

#...........
#...........
#.....:.....
#...........
#...........
#...†.......
#.r.........
#ll.........
#@..........
############


You could see an iguana (very poisoned), a quokka and a frilled lizard.

Vanquished Creatures
  2 dart slugs (D:1)
  A ball python (D:2)
  4 endoplasms (D:1)
  2 giant cockroaches (D:1)
  7 goblins (D:1)
  A hobgoblin (D:1)
  2 kobolds
  A quokka (D:1)
  A bat (D:1)
  A frilled lizard (D:1)
  A rat (D:1)
23 creatures vanquished.

Vanquished Creatures (others)
  A quokka (D:1)
1 creature vanquished.

Grand Total: 24 creatures vanquished

Notes
Turn   | Place    | Note
-------+----------+-------------------------------------------
     0 | D:1      | IdlyInterested the Demonspawn Wanderer began the quest for
                  | the Orb.
     0 | D:1      | IdlyInterested set off with the following items: a +0
                  | spear, a wand of polymorph (6), a potion of heal wounds, a
                  | +0 robe; and the following spell memorised: Beastly
                  | Appendage; and the following spells available to memorise:
                  | Spider Form, Ignite Poison.
     0 | D:1      | Reached XP level 1. HP: 13/13 MP: 3/3
   109 | D:1      | Reached skill level 1 in Fighting
   110 | D:1      | Gained mutation: You have an unusually large brain. (Int
                  | +2) [demonic ancestry]
   110 | D:1      | Reached XP level 2. HP: 8/21 MP: 5/5
   291 | D:1      | Found a faded altar of an unknown god.
   533 | D:1      | Gained mutation: You have a pair of small antennae on your
                  | head. [demonic ancestry]
   533 | D:1      | Reached XP level 3. HP: 14/27 MP: 6/6
   772 | D:2      | HP: 1/27 [iguana (12)]
   773 | D:2      | Slain by an iguana

Illustrated notes

Levels and vault maps discovered:
D:1:      tarquinn_simple_flora_water_a, layout_basic, basic_ecumenical_altar,
          kennysheep_doodads
D:2:      layout_basic, serial_shops, shop

Skill      XL: |  1  2 |
---------------+-------+-----
Fighting       | 1 |  1.9
Stealth        | 2 |  2.2
Polearms       | |  1.0
Throwing       | |  1.0
Spellcasting   | |  2.0
Transmutations | |  1.7
Invocations    | |  1.2
Evocations     | |  2.0

Action                   || total
-------------------------++-------
Melee: Spear             ||    36
       Whip              ||    44
 Stab: Distracted        ||     1
Armor: Robe              ||     9
       Leather armour    ||     2
Dodge: Dodged            ||    39

Table legend: (Time is in decaauts)
 A = Elapsed time spent in this place.
 B = Non-inter-level travel time spent in this place.
 C = Inter-level travel time spent in this place.
 D = Time resting spent in this place.
 E = Time spent auto-exploring this place.
 F = Levels seen in this place.
 G = Mean time per level.
                   A        B        C        D        E       F      G
               +--------+--------+--------+--------+--------+-----+--------+
         Total |    778 |    703 |     75 |    140 |    276 |   2 |  389.0 |
       Dungeon |    778 |    703 |     75 |    140 |    276 |   2 |  389.0 |
               +--------+--------+--------+--------+--------+-----+--------+

Top non-repeatable levels by time:
     D:1: 761 daAuts
     D:2: 17 daAuts
